AoeStats
← Mr. Penis

MegaRandom

505310669Analyzed
4v4 RM · 23d ago on Sep 8, 2026· 30m 57s· 8 players
Game mode
Random Map
Map size
Large (8 player)
Population
200
Speed
Normal
Resources
Standard
Victory
Conquest
Starting age
Dark Age
Ending age
Imperial Age
RankedLock teamsTeams togetherTeam positionsShared explorationLock speedFull tech treeHidden civsTurbo modeCheats
Victory
Defeat
🇺🇸 Khmer · United States
1209
+11
🇺🇸 Vietnamese · United States
1185
+12
🇷🇺 Jurchens · Russia
1177
+12
🇮🇹 Turks · Italy
1112
+16
🇨🇱 Vietnamese · Chile
1132
-14
🇮🇪 Hindustanis · Ireland
1099
-13
🇮🇪 Malians · Ireland
1095
-13
🇮🇪 Franks · Ireland
1059
-11
ׅ
1:02 Loom
12:00 Feudal Age
14:19 Forging
15:27 Scale Barding Armor
16:07 Gold Mining
17:10 Bloodlines
17:54 Wheelbarrow
22:06 Castle Age
21:27 Stone Mining
23:06 Fletching
23:51 Iron Casting
23:37 Chain Barding Armor
23:55 Gold Shaft Mining
24:56 Hand Cart
26:05 Bodkin Arrow
30:08 Double-Bit Axe
Mr. Penis
10:19 Feudal Age
14:15 Double-Bit Axe
14:20 Horse Collar
14:33 Fishing Lines
17:20 Castle Age
15:15 Loom
15:17 Fishing Lines
15:39 Gold Mining
15:47 Stone Mining
18:27 Bow Saw
20:04 Wheelbarrow
19:15 Town Watch
19:47 Heavy Plow
21:19 Fervor
22:27 Bloodlines
22:25 Gillnets
23:31 Husbandry
28:38 Hand Cart
28:08 Town Watch
29:43 Gold Shaft Mining
29:44 Stone Shaft Mining
30:28 Stone Shaft Mining
31:07 Town Patrol
Faelian the Unsuccessful
9:41 Feudal Age
8:30 Loom
10:15 Feudal Age
12:42 Double-Bit Axe
15:26 Castle Age
16:37 Wheelbarrow
20:40 Horse Collar
22:27 Heavy Plow
23:28 Bow Saw
23:10 Stone Mining
23:21 Town Watch
24:23 Fletching
25:11 Stone Shaft Mining
25:33 Bodkin Arrow
27:02 Murder Holes
27:25 Hand Cart
27:09 Gold Mining
31:18 Imperial Age
29:00 Chatras
30:21 Bloodlines
30:11 Husbandry
29:49 Light Cavalry
31:32 Scale Barding Armor
31:38 Forging
Flanker_08
11:01 Feudal Age
15:04 Castle Age
13:03 Double-Bit Axe
13:40 Horse Collar
16:03 Bow Saw
17:02 Wheelbarrow
20:53 Hand Cart
20:24 Loom
21:14 Heavy Plow
23:49 Gold Mining
28:28 Imperial Age
25:44 Town Watch
26:25 Forging
27:04 Gold Shaft Mining
26:56 Fletching
27:45 Husbandry
27:48 Stone Mining
28:23 Town Patrol
30:18 Bloodlines
31:52 Bombard Tower
Farmer Bob
0:31 Loom
10:50 Feudal Age
11:57 Horse Collar
12:14 Double-Bit Axe
18:51 Castle Age
25:17 Imperial Age
24:10 Masonry
24:31 Padded Archer Armor
27:15 Chemistry
Paulie Paul
11:35 Feudal Age
12:40 Double-Bit Axe
12:47 Town Watch
15:35 Castle Age
13:49 Stone Mining
15:45 Scale Barding Armor
16:34 Wheelbarrow
17:15 Horse Collar
18:52 Forging
20:44 Fishing Lines
23:17 Loom
26:41 Gold Mining
ThisIsWayne
3:51 Loom
11:28 Feudal Age
13:22 Double-Bit Axe
19:24 Castle Age
17:32 Fishing Lines
19:24 Scale Barding Armor
19:31 Forging
22:50 Gillnets
24:17 Bow Saw
25:40 Wheelbarrow
gatuzo
0:28 Loom
13:00 Feudal Age
18:55 Castle Age
21:11 Scale Mail Armor
21:10 Horse Collar
22:43 Gold Mining
23:27 Forging
23:25 Double-Bit Axe
Connection lost

Rejoining the realm…

Still unreachable

The connection could not be restored.

Session expired

The server has moved on; the page needs a fresh start.